 Dungeon Crawl Stone Soup version 0.24.0-13-gcf9b3192b9 (webtiles) character file.

Game seed: 5929261437978905863, levelgen mode: deterministic

10621 Matador8 the Fighter (level 11, -1/99 (101) HPs)
             Began as a Red Draconian Ice Elementalist on Nov 7, 2019.
             Was a Priest of Sif Muna.
             Slain by a yak (17 damage)
             ... on level 2 of the Lair of Beasts.
             The game lasted 01:25:42 (15866 turns).

Matador8 the Fighter (DrIE)                        Turns: 15866, Time: 01:25:42

HP:   -1/99 (101)   AC: 21    Str: 12    XL:     11   Next: 38%
MP:   1/18          EV: 12    Int: 18    God:    Sif Muna [***...]
Gold: 732           SH:  0    Dex: 11    Spells: 8/20 levels left

rFire    + . .     SeeInvis +   s - +2 trident (freeze)
rCold    . . .     Gourm    .   (no shield)
rNeg     . . .     Faith    .   (armour unavailable)
rPois    .         Spirit   .   (helmet restricted)
rElec    .         Reflect  .   m - +0 cloak
rCorr    .         Harm     .   c - +0 pair of gloves
MR       .....                  i - +0 pair of boots
Stlth    ++........             (no amulet)
HPRegen  0.26/turn              j - ring of see invisible
MPRegen  0.16/turn              C - +5 ring of protection

@: icy armour, short of breath
A: breathe fire, unfitting armour, fire resistance 1, cold-blooded, AC +7
a: Breathe Fire, Channel Magic, Forget Spell, Renounce Religion


You were on level 2 of the Lair of Beasts.
You worshipped Sif Muna.
Sif Muna was most pleased with you.
You were hungry.

You visited 3 branches of the dungeon, and saw 13 of its levels.

You collected 732 gold pieces.

Inventory:

Hand Weapons
 s - a +2 trident of freezing (weapon)
 w - a +5 hand axe of freezing
 L - a +2 dagger of venom
 P - a +1 dagger of venom
Missiles
 o - 9 atropa-tipped darts (quivered)
 O - a throwing net
Armour
 c - a +0 pair of gloves (worn)
 i - a +0 pair of boots (worn)
 m - a +0 cloak (worn)
 q - a +0 buckler
Jewellery
 j - a ring of see invisible (left hand)
 y - a +3 ring of protection
 C - a +5 ring of protection (right hand)
 T - a cursed amulet of inaccuracy {unknown}
Wands
 g - a wand of random effects (28)
 x - a wand of flame (14)
 F - a wand of iceblast (4)
 H - a wand of digging (6)
 K - a wand of paralysis (4)
Scrolls
 a - 6 scrolls of identify
 d - a scroll of random uselessness {unknown}
 e - 7 scrolls of remove curse
 h - 2 scrolls of enchant armour {unknown}
 l - 3 scrolls of immolation {unknown}
 r - 12 scrolls of teleportation
 t - 2 scrolls of fear {unknown}
 v - 4 scrolls of blinking {unknown}
 A - 2 scrolls of amnesia {unknown}
 G - a scroll of fog {unknown}
 M - a scroll of torment {unknown}
 Q - a scroll of silence {unknown}
 R - a scroll of holy word {unknown}
 S - a scroll of enchant weapon {unknown}
Potions
 f - 2 potions of heal wounds
 k - 3 potions of might
 n - 5 potions of curing {unknown}
 p - 4 potions of agility
 z - a potion of ambrosia {unknown}
 B - a potion of degeneration {unknown}
 D - 4 potions of lignification {unknown}
 E - 2 potions of brilliance {unknown}
 I - 3 potions of resistance {unknown}
 J - a potion of magic {unknown}
 N - a potion of haste {unknown}
Miscellaneous
 u - a phantom mirror
Comestibles
 b - 29 rations


   Skills:
 - Level 10.6 Fighting
 * Level 5.3 Polearms
 - Level 1.7 Dodging
 - Level 1.7 Stealth
 - Level 5.2 Spellcasting
 - Level 4.9 Conjurations
 - Level 2.0 Charms
 - Level 3.0 Transmutations
 - Level 6.0 Ice Magic
 - Level 3.0 Earth Magic
 + Level 7.6 Invocations
 - Level 5.0 Evocations


You had 8 spell levels left.
You knew the following spells:

 Your Spells              Type           Power        Failure   Level  Hunger
a - Freeze                Ice            ####         1%          1    None
b - Throw Frost           Conj/Ice       ###...       1%          2    #......
c - Ozocubu's Armour      Chrm/Ice       ###.....     8%          3    ##.....
d - Throw Icicle          Conj/Ice       ###.....     13%         4    ####...
e - Passwall              Tmut/Erth      ###.....     5%          2    #......

Your spell library contained the following spells:

 Spells                   Type           Power        Failure   Level  Hunger
 Sandblast                Erth           ###...       3%          1    None
 Stone Arrow              Conj/Erth      ###...       8%          3    ##.....
 Petrify                  Tmut/Erth      ###.....     36%         4    ####...
 Summon Ice Beast         Ice/Summ       ###.....     36%         4    ####...
 Lee's Rapid Deconstruct  Erth           ###.......   71%         5    ######.


Dungeon Overview and Level Annotations

Branches:
Dungeon (10/15)            Temple (1/1) D:5            Lair (2/6) D:9
    Orc (0/2) D:9
  Swamp: Lair:2-4    Shoals: Lair:2-4     Snake: Lair:2-4    Spider: Lair:2-4

Altars:
Ashenzari
Cheibriados
Dithmenos
Elyvilon
Fedhas
Gozag
Hepliaklqana
Kikubaaqudgha
Makhleb
Nemelex Xobeh
Okawaru
Qazlal
Ru
Sif Muna
Trog
Uskayaw
Vehumet
Wu Jian
Xom
Yredelemnul
Zin
The Shining One

Annotations:
D:4 exclusion: 2 doors
D:8 Joseph
D:9 1 exclusion
Lair:1 2 transporters, skk's ghost, journeyman TeFi


Innate Abilities, Weirdness & Mutations

You can breathe blasts of fire.
Your fiery red scales are hard. (AC +7)
You cannot fit into any form of body armour.
Your flesh is heat resistant. (rF+)
You are cold-blooded and may be slowed by cold attacks.


Message History

The yak is moderately wounded.
The yak gores you.
* * * LOW HITPOINT WARNING * * *
You hit the yak. You freeze the yak.
The yak is moderately wounded.
The yak gores you!
* * * LOW HITPOINT WARNING * * *
You barely miss the yak.
The yak is moderately wounded.
The yak barely misses you.
You hit the yak. You freeze the yak.
The yak is heavily wounded.
The yak barely misses you.
You hit the yak. You freeze the yak.
The yak is heavily wounded.
The yak barely misses you.
You hit the yak. You freeze the yak.
The yak is heavily wounded.
The yak gores you!
You die...

...#..../#....+..Y.Y
...#.##.P#........# #
....../.......P#.###+P.
...................r...
.......................
.......................
.##.######..%.......<..
..# ###...Y##### .##
#..##@# .# #.###.# ##
##..##.. .# #P..##...
.# ##....#.... .# ###
.#.#.####...# .##
#.#.###....# ####
#.##.#..##..####
#...........#


You could see a yak.

Vanquished Creatures
  Harold (D:8)
  A hydra (D:8)
  A two-headed ogre (D:10)
  A black mamba (Lair:1)
  2 komodo dragons (Lair:1)
  A troll (D:9)
  3 blink frogs
  2 hippogriffs
  2 dream sheep (D:8)
  9 yaks
  A steam dragon (D:3)
  Duvessa (D:7)
  3 water moccasins
  3 porcupines
  2 ice beasts
  3 sky beasts
  An eye of draining (D:8)
  A black bear (D:8)
  3 phantoms
  2 ogres
  A necrophage (D:10)
  4 centaurs
  3 crocodiles (Lair:1)
  4 big kobolds
  5 bullfrogs
  4 scorpions
  A water moccasin skeleton (D:5)
  Dowan (D:7)
  5 killer bees (D:10)
  3 howler monkeys
  3 crimson imps
  2 bullfrog skeletons
  A centaur skeleton (D:6)
  4 jellies (D:9)
  3 orc priests
  3 hounds
  4 orc wizards
  2 iguanas
  5 worker ants
  A hound skeleton (D:10)
  2 worker ant zombies
  A howler monkey zombie (D:8)
  11 gnolls
  12 adders
  2 river rats (D:9)
  2 shadow imps
  An adder zombie (D:9)
  3 adder skeletons
  2 worms
  5 dart slugs
  4 leopard geckos
  22 orcs
  5 giant cockroaches
  4 hobgoblins
  6 jackals
  6 quokkas
  5 bats
  6 frilled lizards
  4 goblins
  7 kobolds
  A leopard gecko skeleton (D:5)
  A quokka zombie (D:5)
  10 rats
  A fungus (Lair:1)
225 creatures vanquished.

Vanquished Creatures (others)
  A fungus (Lair:1)
1 creature vanquished.

Grand Total: 226 creatures vanquished

Notes
Turn   | Place    | Note
-------+----------+-------------------------------------------
     0 | D:1      | Matador8 the Draconian Ice Elementalist began the quest for
                  | the Orb.
     0 | D:1      | Reached XP level 1. HP: 14/14 MP: 3/3
   531 | D:1      | Reached XP level 2. HP: 20/20 MP: 3/5
   538 | D:1      | Learned a level 2 spell: Throw Frost
  1604 | D:2      | Reached XP level 3. HP: 17/26 MP: 0/6
  2165 | D:2      | Reached XP level 4. HP: 33/33 MP: 8/8
  2177 | D:2      | Found a sparkling altar of Nemelex Xobeh.
  2177 | D:2      | Found a glowing golden altar of the Shining One.
  2449 | D:3      | Learned a level 3 spell: Ozocubu's Armour
  2729 | D:3      | Reached skill level 1 in Charms
  2764 | D:3      | Found a bloodstained altar of Trog.
  2899 | D:3      | Found a hide-covered altar of Uskayaw.
  2899 | D:3      | Found a hazy altar of Hepliaklqana.
  2900 | D:3      | Found an ornate altar of the Wu Jian Council.
  2901 | D:3      | Found an opulent altar of Gozag.
  2902 | D:3      | Found a shadowy altar of Dithmenos.
  2902 | D:3      | Noticed a steam dragon
  2909 | D:3      | Found a shimmering altar of Xom.
  3719 | D:4      | Reached XP level 5. HP: 35/38 MP: 9/9
  3792 | D:4      | Found a shimmering altar of Xom.
  4283 | D:4      | Noticed an ogre
  4514 | D:4      | Learned a level 4 spell: Throw Icicle
  4592 | D:4      | Killed an ogre
  4592 | D:4      | Reached XP level 6. HP: 45/45 MP: 1/10
  4756 | D:5      | Entered Level 5 of the Dungeon
  4931 | D:5      | Reached skill level 5 in Ice Magic
  5093 | D:5      | Found a radiant altar of Vehumet.
  5221 | D:5      | Your scales start taking on a fiery red colour.
  5221 | D:5      | Reached XP level 7. HP: 45/50 MP: 9/13
  5221 | D:5      | Gained mutation: Your flesh is heat resistant. (rF+) [Red
                  | Draconian growth]
  5293 | D:5      | Found a staircase to the Ecumenical Temple.
  5305 | Temple   | Entered the Ecumenical Temple
  5439 | Temple   | Became a worshipper of Sif Muna the Loreminder
  5716 | D:5      | Found a sacrificial altar of Ru.
  6013 | D:3      | Killed a steam dragon
  6013 | D:3      | Reached skill level 2 in Fighting
  6149 | D:6      | Reached skill level 3 in Fighting
  6338 | D:6      | Reached skill level 5 in Ice Magic
  6338 | D:6      | Reached XP level 8. HP: 36/63 MP: 1/14
  7103 | D:6      | Learned a level 2 spell: Passwall
  7237 | D:7      | Reached skill level 1 in Transmutations
  7237 | D:7      | Reached skill level 1 in Earth Magic
  7547 | D:7      | Noticed a hippogriff
  7564 | D:7      | Killed a hippogriff
  7802 | D:7      | Noticed Duvessa
  7802 | D:7      | Noticed Dowan
  7935 | D:7      | Reached * piety under Sif Muna
  7935 | D:7      | Reached skill level 1 in Invocations
  7946 | D:7      | Killed Dowan
  8568 | D:7      | Reached XP level 9. HP: 70/70 MP: 12/16
  8692 | D:7      | Killed Duvessa
  8692 | D:7      | Reached skill level 5 in Spellcasting
  8783 | D:8      | Noticed Joseph
  9200 | D:8      | Reached skill level 4 in Fighting
  9651 | D:8      | Reached skill level 5 in Invocations
  9656 | D:8      | Reached skill level 5 in Fighting
  9808 | D:8      | Reached skill level 6 in Fighting
  9997 | D:8      | Noticed a two-headed hydra
 10018 | D:8      | Killed a two-headed hydra
 10018 | D:8      | Reached XP level 10. HP: 41/84 MP: 9/17
 10023 | D:8      | Reached skill level 7 in Fighting
 10327 | D:8      | Noticed Harold
 10519 | D:8      | Killed Harold
 10836 | D:8      | Found a sparkling altar of Nemelex Xobeh.
 11150 | D:9      | Reached skill level 8 in Fighting
 11193 | D:9      | Found a staircase to the Orcish Mines.
 11201 | D:9      | Reached ** piety under Sif Muna
 11456 | D:9      | Reached skill level 5 in Evocations
 11774 | D:9      | Noticed a death yak
 12162 | D:9      | Found a staircase to the Lair.
 12303 | D:9      | Reached skill level 9 in Fighting
 12341 | D:10     | Entered Level 10 of the Dungeon
 12907 | D:10     | Noticed a two-headed ogre
 12943 | D:10     | Killed a two-headed ogre
 12943 | D:10     | Reached skill level 10 in Fighting
 13742 | D:9      | Noticed a death yak
 13780 | Lair:1   | Entered Level 1 of the Lair of Beasts
 13863 | D:9      | Reached skill level 1 in Polearms
 13863 | D:9      | Noticed a death yak
 13885 | Lair:1   | Reached XP level 11. HP: 37/99 MP: 18/18
 15305 | Lair:1   | Found a transporter.
 15305 | Lair:1   | Noticed skk's ghost (journeyman TeFi)
 15309 | Lair:1   | Found a transporter.
 15810 | Lair:2   | Reached *** piety under Sif Muna
 15832 | Lair:2   | Reached skill level 5 in Polearms
 15866 | Lair:2   | Slain by a yak

Levels and vault maps discovered:
D:1:      doesnt_arrival_eight_statues, layout_basic, minmay_pentomino_v4
D:2:      layout_rooms, chequers_temple_overflow_statue_of_worship
D:3:      layout_basic, grunt_temple_overflow_open, bloody_trog
D:4:      layout_basic, st_stairs_14, grunt_decor_resistance, led_xom_imps
D:5:      layout_basic, lemuel_crystal_altar, kennysheep_mini,
          minmay_temple_entry_mini_moons, first_ration,
          small_statue_intersection
D:6:      layout_gridville
D:7:      layout_loops_ring, uniq_duvessa
D:8:      layout_basic, hangedman_ranch [blue_anna_fruit_fields],
          nemelex_diamond_rough_becter, uniq_joseph, uniq_harold
D:9:      layout_basic, dpeg_lair_monsters, david_orc_3, minmay_door_square
D:10:     layout_basic
Temple:   minmay_temple_bridge_abc
Lair:1:   layout_loops_ring, gammafunk_ghost_hive
Lair:2:   layout_regular_city, elwin_shoals_entry_rooms, grunt_megastairs_4

Skill      XL: |  1  2  3  4  5  6  7  8  9 10 11 |
---------------+----------------------------------+-----
Conjurations   | 2 3 4 |  4.9
Spellcasting   | 3 4 5 |  5.2
Ice Magic      | 4 4 5 6 |  6.0
Charms         | 1 2 |  2.0
Fighting       | 3 6 10 | 10.6
Transmutations | 3 |  3.0
Earth Magic    | 3 |  3.0
Invocations    | 2 6 7 |  7.6
Evocations     | 2 5 |  5.0
Polearms       | 1 5 |  5.3
Dodging        | |  1.7
Stealth        | |  1.7

Action                   |  1- 3 |  4- 6 |  7- 9 | 10-12 || total
-------------------------+-------+-------+-------+-------++-------
Melee: Unarmed           |     7 |       |       |       ||     7
       Tailslap          |     3 |     7 |     9 |    15 ||    34
       Hand axe          |    15 |    76 |   120 |    72 ||   283
       Short sword       |     2 |       |       |       ||     2
       Trident           |       |       |       |   109 ||   109
Throw: Dart              |       |       |     1 |       ||     1
       Throwing net      |       |       |       |     1 ||     1
 Cast: Freeze            |    43 |    42 |   120 |   177 ||   382
       Throw Frost       |     5 |    14 |    31 |    32 ||    82
       Passwall          |       |       |     1 |     5 ||     6
       Ozocubu's Armour  |       |       |       |     2 ||     2
Invok: Channel Magic     |       |       |       |     1 ||     1
 Abil: Breathe Fire      |       |       |    14 |    17 ||    31
  Use: Scroll            |       |     7 |     1 |     1 ||     9
       Potion            |       |       |       |     3 ||     3
 Stab: Sleeping          |       |     4 |     1 |     2 ||     7
  Eat: Chunk             |     2 |     9 |    12 |    11 ||    34
       Ration            |     1 |       |     2 |     3 ||     6
Armor: Skin              |    15 |    41 |   104 |   146 ||   306
Dodge: Dodged            |    46 |    61 |   150 |   179 ||   436
